 Dungeon Crawl Stone Soup version 0.31-a0-963-ga325b2283a (webtiles) character file.

Game seed: 5820614658877870041

21 Forgeling the Gusty (level 2, 17/17 HPs)
             Began as an Octopode Air Elementalist on Oct 24, 2023.
             Was a Follower of Uskayaw.
             Quit the game on level 1 of the Dungeon.
             The game lasted 00:01:11 (391 turns).

Forgeling the Gusty (Octopode Air Elementalist)      Turns: 391, Time: 00:01:12

Health: 17/17      AC:  1    Str:  7    XL:     2   Next: 83%
Magic:  5/5        EV: 13    Int: 17    God:    Uskayaw [*.....]
Gold:   29         SH:  0    Dex: 12    Spells: 4/5 levels left

rFire   . . .        a - +0 spear
rCold   . . .        (no shield)
rNeg    . . .        (helmet restricted)
rPois   .            (no amulet)
rElec   .            (no ring)
rCorr   .            (no ring)
SInv    .            (no ring)
Will    .....        (no ring)
Stlth   +++          (no ring)
HPRegen 0.22/turn    (no ring)
MPRegen 0.09/turn    (no ring)
                     (no ring)

%: no passive effects
@: no status effects
A: almost no armour, amphibious, 8 rings, camouflage 1, gelatinous body 1,
(nimble swimmer 1), tentacles
a: Renounce Religion, Stomp


You were on level 1 of the Dungeon.
You worshipped Uskayaw.
Uskayaw was noncommittal.
You visited 1 branch of the dungeon, and saw 1 of its levels.

You collected 29 gold pieces.

Inventory:

Hand Weapons
 a - a +0 spear (weapon)
 b - a +0 dagger
Missiles
 t - 5 poisoned darts
Jewellery
 c - a ring of poison resistance
Scrolls
 f - a scroll of teleportation {unknown}
Potions
 d - a potion of lignification {unknown}
 e - a potion of ambrosia {unknown}
 Q - a potion of magic


   Skills:
 - Level 2.0 Dodging
 - Level 2.6 Stealth
 - Level 2.0 Spellcasting
 - Level 1.0 Conjurations
 + Level 4.0 Air Magic


You had 4 spell levels left.
You knew the following spells:

 Your Spells              Type           Power      Damage    Failure   Level
a - Shock                 Conj/Air       40%        1d5       7%          1

Your spell library contained the following spells:

 Spells                   Type           Power      Damage    Failure   Level
 Static Discharge         Conj/Air       20%        3-4/arc   11%         2
 Swiftness                Air            15%        N/A       11%         3
 Airstrike                Air            7%         2d(2-18)  36%         4


Dungeon Overview and Level Annotations

Branches:
Dungeon (1/15)

Altars:
Uskayaw


Innate Abilities, Weirdness & Mutations

You cannot wear most types of armour.
You are amphibious.
You can wear up to eight rings at the same time.
Your skin changes colour to match your surroundings (Stealth+).
Your rubbery body absorbs attacks. (AC +1, EV +1)
((You are camouflaged when in or above water. (Stealth+)))
You have tentacles for arms and can constrict up to eight enemies at once.


Message History

Press: ? - help, Shift-Dir - straight line, f/p - goblin
Aim: a goblin, wielding a +0 dagger (severely wounded, 60% to hit)
The zap misses the quokka.
The zap hits the goblin.
You kill the goblin!
The quokka bites you.
* * * LOW HITPOINT WARNING * * *
Casting: Shock (safe; 7% risk of failure)
Confirm with . or Enter, or press ? or * to list all spells.
Aiming: Shock (safe; 7% risk of failure)
Press: ? - help, Shift-Dir - straight line The zap misses the quokka.
The zap hits the quokka.
You kill the quokka!
You completely miss the kobold. You grab the kobold. You squeeze the kobold.
You kill the kobold!
Your magical contamination has completely faded away. a +0 short sword; a stone; a quokka corpse A rat is nearby!
A hobgoblin comes into view.
Found a faded altar of an unknown god.
The hobgoblin shouts!
You hit the rat.
You kill the rat!
You reach to attack!
You barely miss the hobgoblin. You completely miss the hobgoblin.
Your grab misses the hobgoblin.
You tentacle-slap the hobgoblin, but do no damage.
You squeeze the hobgoblin, but do no damage.
You hit the hobgoblin but do no damage. You grab the hobgoblin.
You squeeze the hobgoblin, but do no damage.
You constrict the hobgoblin, but do no damage.
You hit the hobgoblin. You squeeze the hobgoblin.
You kill the hobgoblin!
Your Air Magic skill increases to level 4!
No target in view!
No target in view!
There is a faded altar of an unknown god here.
This altar belongs to (a) Lugonu, (b) Uskayaw or (c) Ru, but you can't tell which.
Press the corresponding letter to learn more about a god, or press enter to convert or escape to cancel.
Uskayaw accepts your prayer! Uskayaw welcomes you!
You can now stomp with the beat.
Are you sure you want to abandon this character and quit the game? (Confirm with "yes".)

....# ###.### #≈#...
###.# .....# ....#
#.....# ..### #.....#
..### #.....#
#...###.....############
###..##.....##..@.......
...#)##.....#...........
##..)...................
###............†.......
#.......................
##..#.#.####............
#..#...# ..............
#..###..##.##...........
.... ...... ............


There were no monsters in sight!

Vanquished Creatures
  2 ball pythons (D:1)
  3 endoplasms (D:1)
  A giant cockroach (D:1)
  2 goblins (D:1)
  A hobgoblin (D:1)
  3 kobolds (D:1)
  2 quokkas (D:1)
  A frilled lizard (D:1)
  A rat (D:1)
16 creatures vanquished.

Notes
Turn   | Place    | Note
-------+----------+-------------------------------------------
     0 | D:1      | Forgeling the Octopode Air Elementalist began the quest for
                  | the Orb.
     0 | D:1      | Reached XP level 1. HP: 11/11 MP: 3/3
    93 | D:1      | Reached XP level 2. HP: 14/17 MP: 1/5
   375 | D:1      | Found a faded altar of an unknown god.
   387 | D:1      | Reached skill level 4 in Air Magic
   390 | D:1      | Prayed at the altar of an unknown god.
   390 | D:1      | Became a worshipper of Uskayaw the Reveller
   390 | D:1      | Reached * piety under Uskayaw
   391 | D:1      | Quit the game

Illustrated notes

Levels and vault maps discovered:
D:1:      evilmike_arrival_fibonacci_small, layout_rooms,
          basic_ecumenical_altar, feat_on_display

Skill      XL: |  1  2 |
---------------+-------+-----
Air Magic      | 4 |  4.0
Dodging        | |  2.0
Stealth        | |  2.6
Spellcasting   | |  2.0
Conjurations   | |  1.0

Action                     || total
---------------------------++-------
  Melee: Unarmed           ||     5
         Spear             ||    28
         Constrict         ||     7
         Tentacles         ||     7
         Punch             ||     2
   Cast: Shock             ||     6
   Stab: Sleeping          ||     4
 Armour: Skin              ||     9
  Dodge: Dodged            ||    18

Table legend: (Time is in decaauts)
 A = Elapsed time spent in this place.
 B = Non-inter-level travel time spent in this place.
 C = Inter-level travel time spent in this place.
 D = Time resting spent in this place.
 E = Time spent auto-exploring this place.
 F = Levels seen in this place.
 G = Mean time per level.
                   A        B        C        D        E       F      G
               +--------+--------+--------+--------+--------+-----+--------+
         Total |    393 |    393 |      0 |      0 |    269 |   1 |  393.0 |
       Dungeon |    393 |    393 |      0 |      0 |    269 |   1 |  393.0 |
               +--------+--------+--------+--------+--------+-----+--------+

Top non-repeatable levels by time:
     D:1: 393 daAuts
